 Dungeon Crawl Stone Soup version 0.31.0-12-g77e489cdc1 (webtiles) character file.

Game seed: 5969242892203237314

77 Balder the Trooper (level 4, -1/29 HPs)
             Began as a Gargoyle Fighter on Feb 25, 2024.
             Killed by divine providence
             ... invoked by an orc priest
              (8 damage)
             ... on level 3 of the Dungeon.
             The game lasted 00:04:56 (819 turns).

Balder the Trooper (Gargoyle Fighter)                Turns: 819, Time: 00:04:57

Health: -1/29      AC: 10    Str: 20    XL:     4   Next: 34%
Magic:  4/4        EV:  9    Int:  8    God:
Gold:   100        SH:  4    Dex: 11    Spells: 3/3 levels left

rFire   . . .        a - +0 flail
rCold   . . .        c - +0 buckler
rNeg    + . .        b - +0 scale mail
rPois   ∞            (no helmet)
rElec   +            (no cloak)
rCorr   .            (no gloves)
SInv    .            (no boots)
Will    .....        (no amulet) Stlth
                     (no ring)
HPRegen 0.24/turn    (no ring)
MPRegen 0.09/turn

%: no passive effects
@: mighty
A: sickness immunity, AC +3, negative energy resistance 1, electricity
resistance, torment resistance 1, petrification resistance
a: no special abilities


You were on level 3 of the Dungeon.
You visited 1 branch of the dungeon, and saw 4 of its levels.

You collected 100 gold pieces.

Inventory:

Hand Weapons
 a - a +0 flail (weapon)
Armour
 b - a +0 scale mail (worn)
 c - a +0 buckler (worn)
Talismans
 j - a beast talisman
Scrolls
 e - 3 scrolls of identify {unknown}
 f - 3 scrolls of immolation {unknown}
Potions
 g - a potion of magic {unknown}
 h - 2 potions of invisibility {unknown}
 i - a potion of brilliance {unknown}
 k - 2 potions of berserk rage {unknown}


   Skills:
 * Level 3.8 Fighting
 * Level 2.8 Maces & Flails
 * Level 3.8 Armour
 * Level 0.6 Dodging
 * Level 1.3 Stealth
 * Level 3.6 Shields


You had 3 spell levels left.
You didn't know any spells.
Your spell library was empty.

Dungeon Overview and Level Annotations

Branches:
Dungeon (4/15)
 Temple: D:4-7

Altars:


Innate Abilities, Weirdness & Mutations

You are immune to sickness and miasma.
Your stone body is resilient. (AC +3)
You are immune to poison.
You resist negative energy. (rN+)
You are resistant to electric shocks. (rElec)
You are resistant to unholy torment.
You are immune to petrification.


Message History

You sock the orc!
You kill the orc!
The hobgoblin hits you but does no damage.
The hobgoblin barely misses you. Something hits you but does no damage.
You hit something. Something hits you but does no damage.
The hobgoblin hits you but does no damage.
You miss something.
You hear some strange, mumbled words.
A magic dart appears from out of thin air!
The magic dart hits you. You block the hobgoblin's attack.
You miss something. Something hits you but does no damage.
The hobgoblin hits you.
You feel very mighty all of a sudden. Something hits you but does no damage.
The hobgoblin closely misses you.
You closely miss something. Something hits you but does no damage.
The hobgoblin barely misses you. The hobgoblin hits you.
You hear some strange, mumbled words.
Something tries to affect you, but you resist.
You miss something. You block something's attack.
The hobgoblin hits you but does no damage.
You bludgeon something!!
Reactivating autopickup.
You feel a bit more experienced. You block the hobgoblin's attack.
You have reached level 4!
You feel stronger.
You sock the hobgoblin!
You kill the hobgoblin!
There is a stone staircase leading down here.
Items here: )) [[ †.
Okay, then.
There is a stone staircase leading down here. 2 orcs come into view.
The orc priest calls down the wrath of Beogh upon you.
Beogh smites you!
Ouch! That really hurt!
* * * LOW HITPOINT WARNING * * *
You see here a book of the Earth.
The orc priest calls down the wrath of Beogh upon you.
Beogh smites you!
You die...

#.# #.# ..# #.### #..
# #.#.. ..# ##### #.
#.#.# #.. ...#
#.##.#.# #.#####.#
#....#.######........
#.@.#....##.#####<.
#o##.###.....[.....
#.##># ####.#######
#o##.# #.# #.##)# #.#
#o##.# #.# #.##.# #..
.#.#.# ### ..#


You could see an orc priest and 2 orcs.

Vanquished Creatures
  An orc wizard (D:3)
  3 dart slugs (D:1)
  A ribbon worm (D:3)
  An orc (D:3)
  6 ball pythons
  3 giant cockroaches
  5 goblins (D:1)
  4 hobgoblins
  4 quokkas
  3 bats (D:1)
  A frilled lizard (D:1)
  4 kobolds (D:1)
  4 rats (D:1)
40 creatures vanquished.

Notes
Turn   | Place    | Note
-------+----------+-------------------------------------------
     0 | D:1      | Balder the Gargoyle Fighter began the quest for the Orb.
     0 | D:1      | Reached XP level 1. HP: 14/14 MP: 1/1
    50 | D:1      | Reached XP level 2. HP: 17/19 MP: 2/2
   348 | D:1      | Reached XP level 3. HP: 23/23 MP: 3/3
   425 | D:1      | Found a faded altar of an unknown god.
   568 | D:1      | Reached skill level 1 in Stealth
   612 | D:2      | You fall into a shaft and drop 2 floors!
   619 | D:4      | Noticed a scorpion
   809 | D:3      | Reached XP level 4. HP: 19/29 MP: 4/4
   819 | D:3      | Killed from afar by an orc priest

Illustrated notes

Levels and vault maps discovered:
D:1:      amcnicky_arrival_blooded_trapdoor, layout_rooms,
          chequers_ecumenical_altar_simple, st_stairs_6
D:2:      layout_basic, basic_altar
D:3:      layout_loops_ring, jmf_multi_god_temple2, ebering_ghost_disaster_area
D:4:      layout_loops_cross, minmay_temple_entry_from_below_a, serial_shops,
          shop

Skill      XL: |  1  2  3 |
---------------+----------+-----
Stealth        | 1 |  1.3
Fighting       | |  3.8
Maces & Flails | |  2.8
Armour         | |  3.8
Dodging        | |  0.6
Shields        | |  3.6

Action                     |  1- 3 |  4- 6 || total
---------------------------+-------+-------++-------
  Melee: Flail             |   110 |     1 ||   111
    Use: Potion            |     1 |       ||     1
 Armour: Scale mail        |    97 |       ||    97
  Dodge: Dodged            |    44 |       ||    44
  Block: Buckler           |    23 |       ||    23
